 Dungeon Crawl Stone Soup version 0.32-a0-41-gec2d92a32c (webtiles) character file.

Game seed: 11209785888745483678

214 pokeman the Magician (level 5, -2/26 (29) HPs)
             Began as a Deep Elf Hedge Wizard on Jan 26, 2024.
             Was a Believer of Vehumet.
             Slain by a wight
             ... wielding a +1 mace
              (12 damage)
             ... in an ossuary.
             The game lasted 00:07:13 (4215 turns).

pokeman the Magician (Deep Elf Hedge Wizard)        Turns: 4215, Time: 00:07:14

HP:   -2/26 (29)    AC:  2    Str:  7    XL:     5   Next: 60%
MP:   10/15         EV: 13    Int: 21    God:    Vehumet [**....]
Gold: 129           SH:  0    Dex: 14    Spells: 8/16 levels left

rFire   . . .        a - +0 dagger
rCold   . . .        (no shield)
rNeg    . . .        b - +0 robe
rPois   .            c - +0 hat
rElec   .            (no cloak)
rCorr   .            (no gloves)
SInv    .            (no boots)
Will    .....        (no amulet)
Stlth   ++           (no ring)
HPRegen 0.24/turn    (no ring)
MPRegen 0.14/turn

%: no passive effects
@: on blink cooldown, heavily drained
A: no striking features
a: Renounce Religion


You were in an ossuary.
You worshipped Vehumet.
Vehumet was pleased with you.
You visited 1 branch of the dungeon, and saw 4 of its levels.
You also visited: Ossuary.

You collected 225 gold pieces.
You spent 96 gold pieces at shops.

Inventory:

Hand Weapons
 a - a +0 dagger (weapon)
Missiles
 r - 3 curare-tipped darts
Armour
 b - a +0 robe (worn)
 c - a +0 hat (worn)
Magical Staves
 o - a staff of fire
Jewellery
 i - a ring of ice
Scrolls
 g - 2 scrolls of noise {unknown}
 h - a scroll of vulnerability {unknown}
 k - 2 scrolls of amnesia {unknown}
 m - a scroll of summoning {unknown}
 p - 3 scrolls of identify {unknown}
 s - a scroll of torment {unknown}
Potions
 d - 2 potions of magic
 e - a potion of brilliance {unknown}
 f - 3 potions of curing
 j - 2 potions of heal wounds
 l - a potion of enlightenment {unknown}
 n - a potion of berserk rage {unknown}
 q - a potion of haste {unknown}
 t - a potion of lignification {unknown}


   Skills:
 - Level 1.0 Fighting
 - Level 1.1 Armour
 - Level 3.2 Dodging
 - Level 3.1 Stealth
 * Level 6.3 Spellcasting
 + Level 2.8 Conjurations
 - Level 1.1 Summonings
 - Level 1.1 Translocations
 + Level 0.3 Fire Magic
 + Level 0.1 Air Magic
 + Level 0.3 Alchemy
 + Level 0.2 Evocations


You had 8 spell levels left.
You knew the following spells:

 Your Spells              Type           Power      Damage    Failure   Level
a - Magic Dart            Conj           72%        1d6       3%          1
b - Mephitic Cloud        Conj/Alch/Air  11%        N/A       19%         3
c - Call Imp              Summ           22%        N/A       9%          2
d - Blink                 Tloc           22%        N/A       9%          2

Your spell library contained the following spells:

 Spells                   Type           Power      Damage    Failure   Level
 Scorch                   Fire           14%        2d5       13%         2
 Summon Small Mammal      Summ           44%        N/A       6%          1
 Slow                     Hex            24%        N/A       10%         1
 Cigotuvi's Dreadful Rot  Necr/Alch/Air  14%        N/A       14%         2
 Call Canine Familiar     Summ           11%        N/A       19%         3
 Summon Blazeheart Golem  Fire/Summ      9%         N/A       56%         4


Dungeon Overview and Level Annotations

Branches:
Dungeon (4/15)            Ossuary (1/1)
 Temple: D:4-7

Altars:
Sif Muna
Vehumet

Shops:
D:3 !:?

Annotations:
D:4 Grinder


Message History

You can't see any susceptible monsters within range! (Use Z to cast anyway.) Unknown command.
There is an open door here.
A wight is nearby!
Casting: Magic Dart (safe; 3% risk of failure)
Confirm with . or Enter, or press ? or * to list all spells.
A tiny devil pulls itself out of the air.
The wight closely misses you.
Something closely misses your cerulean imp.
You hit the wight but do no damage. The wight hits you with a +1 mace.
You feel drained.
Your cerulean imp closely misses the wight.
Something hits your cerulean imp. Something freezes your cerulean imp.
Unknown command.
Casting: Call Imp (safe; 9% risk of failure)
Confirm with . or Enter, or press ? or * to list all spells.
Aiming: Magic Dart (safe; 3% risk of failure)
Press: ? - help, Shift-Dir - straight line, f - wight
Aim: a wight, wielding a +1 mace and wearing a +0 robe (ally target, 100% to hit)
The magic dart hits the wight but does no damage.
The wight hits you with a +1 mace!
You feel drained.
Your cerulean imp hits the wight but does no damage.
Something misses your cerulean imp.
Casting: Magic Dart (safe; 3% risk of failure)
Confirm with . or Enter, or press ? or * to list all spells.
Aiming: Magic Dart (safe; 3% risk of failure)
Press: ? - help, Shift-Dir - straight line, f/p - wight
Aim: a wight, wielding a +1 mace and wearing a +0 robe (ally target, 100% to hit)
The magic dart hits the wight but does no damage.
The wight closely misses you.
Your cerulean imp hits the wight but does no damage.
Something hits your cerulean imp! Something freezes your cerulean imp.
Your cerulean imp dies!
Your cerulean imp disappears in a puff of smoke!
Casting: Magic Dart (safe; 3% risk of failure)
Confirm with . or Enter, or press ? or * to list all spells.
You blink.
The burial acolyte shouts!
The wight attacks as it pursues you! The wight hits you with a +1 mace!
You die...

######################
#.....................
#.∩...................
#.......###########...
#......##.... ..##..
#.....##...#####.. ##.
#....##...##...##. ##
#....#...##.!!?.## #
#....@z..'.!!?...# #
#....#z..##p?.?.## #
#....##...##...## ##
#.....##...# ##.
#......##.........##..
#.......###########...
#.∩...................
#.....................
##########'''#######


You could see a burial acolyte and 2 wights.

Vanquished Creatures
  2 hounds (D:4)
  Terence (D:3)
  An orc wizard (D:4)
  A mummy (Ossuary)
  An adder (D:4)
  2 ufetubi
  2 ribbon worms
  An orc (D:4)
  A ball python (D:1)
  5 endoplasms
  A giant cockroach (D:3)
  7 hobgoblins
  8 kobolds
  4 quokkas
  8 bats
  4 frilled lizards
  8 gnoll skeletons (Ossuary)
  2 goblins (D:4)
  A hobgoblin zombie (D:4)
  8 kobold skeletons (Ossuary)
  4 orc skeletons (Ossuary)
  5 rats
  A rat zombie (D:4)
78 creatures vanquished.

Notes
Turn   | Place    | Note
-------+----------+-------------------------------------------
     0 | D:1      | pokeman the Deep Elf Hedge Wizard began the quest for the
                  | Orb.
     0 | D:1      | Reached XP level 1. HP: 10/10 MP: 7/7
   421 | D:1      | Reached XP level 2. HP: 16/16 MP: 3/9
  1127 | D:2      | Reached skill level 5 in Spellcasting
  1441 | D:2      | Found a radiant altar of Vehumet.
  1445 | D:2      | Reached XP level 3. HP: 20/20 MP: 9/11
  1449 | D:2      | Learned a level 3 spell: Mephitic Cloud
  1452 | D:2      | Learned a level 2 spell: Call Imp
  1455 | D:2      | Learned a level 2 spell: Blink
  1458 | D:2      | Became a worshipper of Vehumet
  1912 | D:3      | Reached skill level 1 in Fighting
  2024 | D:3      | Noticed Terence
  2056 | D:3      | Killed Terence
  2057 | D:3      | Reached skill level 1 in Armour
  2057 | D:3      | Reached XP level 4. HP: 10/25 MP: 7/13
  2244 | D:3      | Found Vyseuply's Distillery.
  2252 | D:3      | Bought a potion of curing for 36 gold pieces
  2252 | D:3      | Bought a potion of heal wounds for 60 gold pieces
  2338 | D:3      | Found Maatilut's Magic Scroll Shop.
  2435 | D:3      | Found a shimmering blue altar of Sif Muna.
  2998 | D:3      | Found Unkejin's Book Boutique.
  3152 | D:4      | Reached * piety under Vehumet
  3152 | D:4      | Offered knowledge of Shock by Vehumet.
  3175 | D:4      | Noticed Grinder
  3189 | D:4      | Paralysed by Grinder for 4 turns
  3421 | D:4      | Reached skill level 6 in Spellcasting
  3421 | D:4      | Reached XP level 5. HP: 17/29 MP: 4/15
  3474 | D:4      | Found a sand-covered staircase.
  3543 | Ossuary  | Entered an ossuary
  4077 | Ossuary  | Offered knowledge of Scorch by Vehumet.
  4181 | Ossuary  | Reached ** piety under Vehumet
  4215 | Ossuary  | Slain by a wight

Illustrated notes

Levels and vault maps discovered:
D:1:      lemuel_arrival_tunnels, layout_basic
D:2:      minmay_alternating_diamond, layout_basic, basic_altar
D:3:      layout_loops_ring, mainiacjoe_overflow_paths, serial_shops,
          nicolae_shop_peninsula, nicolae_shop_tiny_statue_garden, shop,
          minmay_quantized, uniq_terence
D:4:      layout_gridville, enter_ossuary_3, uniq_grinder
Ossuary:  ossuary_due_mausoleum

Skill      XL: |  1  2  3  4  5 |
---------------+----------------+-----
Spellcasting   | 5 6 |  6.3
Fighting       | 1 |  1.0
Armour         | 1 |  1.1
Conjurations   | 2 |  2.8
Dodging        | 3 |  3.2
Stealth        | 3 |  3.1
Summonings     | |  1.1
Translocations | |  1.1
Fire Magic     | |  0.3
Air Magic      | |  0.1
Alchemy        | |  0.3
Evocations     | |  0.2

Action                     |  1- 3 |  4- 6 || total
---------------------------+-------+-------++-------
  Melee: Dagger            |    12 |    29 ||    41
         Punch             |     1 |       ||     1
   Cast: Magic Dart        |    79 |   151 ||   230
         Mephitic Cloud    |     2 |     2 ||     4
         Call Imp          |     1 |     2 ||     3
         Blink             |       |     1 ||     1
   Stab: Confused          |     1 |     1 ||     2
 Armour: Robe              |    26 |    30 ||    56
  Dodge: Dodged            |    34 |    20 ||    54

Table legend: (Time is in decaauts)
 A = Elapsed time spent in this place.
 B = Non-inter-level travel time spent in this place.
 C = Inter-level travel time spent in this place.
 D = Time resting spent in this place.
 E = Time spent auto-exploring this place.
 F = Levels seen in this place.
 G = Mean time per level.
                   A        B        C        D        E       F      G
               +--------+--------+--------+--------+--------+-----+--------+
         Total |   4215 |   4088 |    127 |    186 |   3245 |   5 |  843.0 |
       Dungeon |   3543 |   3416 |    127 |    186 |   2694 |   4 |  885.8 |
       Ossuary |    671 |    671 |      0 |      0 |    551 |   1 |  671.0 |
               +--------+--------+--------+--------+--------+-----+--------+

Top non-repeatable levels by time:
     D:3: 1350 daAuts
     D:1: 972 daAuts
     D:2: 923 daAuts
 Ossuary: 671 daAuts
     D:4: 298 daAuts
